 Dungeon Crawl Stone Soup version 0.32-a0-870-g877066f4b4 (webtiles) character file.

Game seed: 17791909191206385042

7 GeoRichter the Firebug (level 1, 0/14 HPs)
             Began as a Draconian Fire Elementalist on Mar 29, 2024.
             Frozen to death by an endoplasm (1 damage)
             ... on level 1 of the Dungeon.
             The game lasted 00:00:29 (196 turns).

GeoRichter the Firebug (Draconian Fire Elementalist) Turns: 196, Time: 00:00:30

Health: 0/14       AC:  4    Str: 10    XL:     1   Next: 83%
Magic:  2/3        EV: 11    Int: 15    God:
Gold:   8          SH:  0    Dex: 11    Spells: 3/4 levels left

rFire   . . .        c - +0 dagger
rCold   . . .        (no shield)
rNeg    . . .        (body armour unavailable)
rPois   .            (helmet restricted)
rElec   .            (no cloak)
rCorr   .            (no gloves)
SInv    .            (no boots)
Will    .....        (no amulet)
Stlth   ++           (no ring)
HPRegen 0.22/turn    (no ring)
MPRegen 0.08/turn

%: no passive effects
@: slowed, very slow
A: AC +4, unfitting armour, cold-blooded
a: no special abilities


You were on level 1 of the Dungeon.
You visited 1 branch of the dungeon, and saw 1 of its levels.

You collected 8 gold pieces.

Inventory:

Hand Weapons
 c - a +0 dagger (weapon)
   (You found it on level 1 of the Dungeon)
Scrolls
 b - a scroll of poison {unknown}


   Skills:
 - Level 1.7 Dodging
 - Level 1.7 Stealth
 - Level 2.0 Spellcasting
 - Level 1.0 Conjurations
 * Level 3.5 Fire Magic


You had 3 spell levels left.
You knew the following spells:

 Your Spells              Type           Power      Damage    Failure   Level
a - Foxfire               Conj/Fire      32%        2x1d5     9%          1

Your spell library contained the following spells:

 Spells                   Type           Power      Damage    Failure   Level
 Scorch                   Fire           24%        2d6       8%          2
 Inner Flame              Hex/Fire       6%         N/A       32%         3
 Volatile Blastmotes      Fire/Tloc      12%        2d11      32%         3
 Flame Wave               Conj/Fire      8%         2d5       65%         4


Dungeon Overview and Level Annotations

Branches:
Dungeon (1/15) Zot: 5800

Altars:


Innate Abilities, Weirdness & Mutations

Your plain brown scales are hard. (AC +4)
You cannot fit into any form of body armour.
You are cold-blooded and may be slowed by cold attacks.


Message History

The foxfire hits the goblin.
The goblin is heavily wounded.
You conjure some foxfire!
The goblin hits you with a +0 club.
The foxfire hits the goblin.
You kill the goblin!
The foxfire hits the quokka.
The quokka is almost dead.
You conjure some foxfire!
The quokka misses you. The quokka bites you.
The foxfire hits the quokka.
You kill the quokka!
The foxfire hits the endoplasm but does no damage.
You are out of magic!
The endoplasm freezes you.
You are frozen.
You feel yourself slow down.
You hit the endoplasm but do no damage.
A ball python comes into view.
The endoplasm closely misses you.
The endoplasm hits you but does no damage.
The ball python moves out of view.
You hit the endoplasm.
The endoplasm is moderately wounded.
You feel yourself speed up. The endoplasm freezes you.
You are frozen.
* * * LOW HITPOINT WARNING * * *
You feel yourself slow down. Magic courses through your body.
The endoplasm freezes you.
You are frozen.
* * * LOW HITPOINT WARNING * * *
You feel as though you will be slow longer.
The endoplasm misses you.
Casting: Foxfire (safe; 9% risk of failure)
Press: ? - help, Q - select action Dir - look around, f - activate You conjure some foxfire!
The endoplasm hits you.
* * * LOW HITPOINT WARNING * * *
Your foxfire dissipates!
The foxfire hits the endoplasm.
The endoplasm is severely wounded.
The endoplasm attacks as it pursues you!
The endoplasm closely misses you.
Casting: Foxfire (safe; 9% risk of failure)
Press: ? - help, Q - select action Dir - look around, f - activate You conjure some foxfire!
The endoplasm barely misses you. The endoplasm freezes you.
You are frozen.
You die...

.#######......###.##
...................#
.######.#####.###..#
#.# #.# #..# #.# ...
...# # #.# # ....
...##.### ##.##.##.#
.#.#
#...)v###...)....#..
.#
....###J@....##.##..
. #v####.# # #.# #.#
..# #.. #### ####


You could see an endoplasm (ally target).

Vanquished Creatures
  A ball python (D:1)
  A giant cockroach (D:1)
  A goblin (D:1)
  A quokka (D:1)
  A frilled lizard (D:1)
  A rat (D:1)
6 creatures vanquished.

Vanquished Creatures (others)
  13 foxfires (D:1)
13 creatures vanquished.

Grand Total: 19 creatures vanquished

Notes
Turn   | Place    | Note
-------+----------+-------------------------------------------
     0 | D:1      | GeoRichter the Draconian Fire Elementalist began the quest
                  | for the Orb.
     0 | D:1      | Reached XP level 1. HP: 14/14 MP: 3/3
   196 | D:1      | Frozen to death by an endoplasm

Illustrated notes

Levels and vault maps discovered:
D:1:      nzn_arrival_depleted_hourglass, layout_loops_ring, minmay_pentomino_u2

Action                     || total
---------------------------++-------
  Melee: Dagger            ||     2
   Cast: Foxfire           ||     9
    Use: Potion            ||     1
 Armour: Skin              ||     4
  Dodge: Dodged            ||     5

Table legend: (Time is in decaauts)
 A = Elapsed time spent in this place.
 B = Non-inter-level travel time spent in this place.
 C = Inter-level travel time spent in this place.
 D = Time resting spent in this place.
 E = Time spent auto-exploring this place.
 F = Levels seen in this place.
 G = Mean time per level.
                   A        B        C        D        E       F      G
               +--------+--------+--------+--------+--------+-----+--------+
         Total |    198 |    198 |      0 |      0 |    155 |   1 |  198.0 |
       Dungeon |    198 |    198 |      0 |      0 |    155 |   1 |  198.0 |
               +--------+--------+--------+--------+--------+-----+--------+

Top non-repeatable levels by time:
     D:1: 198 daAuts
